 Dungeon Crawl Stone Soup version 0.24.0-125-gc4c63601f3 (webtiles) character file.

Game seed: 12453327378998801807, levelgen mode: deterministic

396 krokodil the Magician (level 6, -2/32 HPs)
             Began as a Deep Elf Wizard on Mar 4, 2020.
             Slain by a gnoll
             ... wielding a +0 flail
              (10 damage)
             ... on level 4 of the Dungeon.
             The game lasted 00:29:46 (4040 turns).

krokodil the Magician (Deep Elf Wizard)             Turns: 4040, Time: 00:29:47

Health: -2/32      AC:  5    Str:  4    XL:     6   Next: 52%
Magic:  1/17       EV: 13    Int: 25    God:
Gold:   131        SH:  0    Dex: 13    Spells: 6/17 levels left

rFire    . . .     SeeInvis .   e - +0 short sword
rCold    . . .     Gourm    .   (no shield)
rNeg     + . .     Faith    .   a - +0 robe
rPois    .         Spirit   .   b - +0 hat
rElec    .         Reflect  .   h - +1 cloak
rCorr    .         Harm     .   p - +0 pair of gloves
MR       .....                  (no boots)
Stlth    ++........             (no amulet)
HPRegen  0.10/turn              c - ring of positive energy
MPRegen  0.15/turn              k - ring of wizardry

@: no status effects
A: no striking features
a: no special abilities


You were on level 4 of the Dungeon.
You were not hungry.

You visited 1 branch of the dungeon, and saw 5 of its levels.
You also visited: Sewer.

You collected 131 gold pieces.

Inventory:

Hand Weapons
 e - a +0 short sword (weapon)
Missiles
 s - 6 boomerangs (quivered)
Armour
 a - a +0 robe (worn)
 b - a +0 hat (worn)
 h - a +1 cloak (worn)
 p - a +0 pair of gloves (worn)
Jewellery
 c - a ring of positive energy (left hand)
 g - an uncursed ring of positive energy
 k - a ring of wizardry (right hand)
Scrolls
 f - 3 scrolls of identify {unknown}
 i - 3 scrolls of noise {unknown}
 j - 2 scrolls of fear {unknown}
 l - a scroll of blinking {unknown}
 n - 2 scrolls of magic mapping {unknown}
 o - a scroll of amnesia {unknown}
 r - a scroll of remove curse {unknown}
Potions
 m - a potion of berserk rage {unknown}
 q - 2 potions of curing {unknown}
 t - a potion of lignification {unknown}
Comestibles
 d - 3 rations


   Skills:
 - Level 0.4 Short Blades
 + Level 3.7 Dodging
 + Level 3.7 Stealth
 + Level 6.0 Spellcasting
 + Level 2.5 Conjurations
 + Level 2.4 Summonings
 + Level 2.2 Translocations
 + Level 1.5 Fire Magic
 + Level 1.5 Air Magic
 + Level 1.9 Poison Magic


You had 6 spell levels left.
You knew the following spells:

 Your Spells              Type           Power        Failure   Level  Hunger
a - Magic Dart            Conj           ###.         1%          1    None
b - Blink                 Tloc           N/A          1%          2    None
c - Call Imp              Summ           ###.....     1%          2    None
d - Mephitic Cloud        Conj/Pois/Air  ###.....     4%          3    None
e - Conjure Flame         Conj/Fire      ###.....     4%          3    None

Your spell library contained the following spells:

 Spells                   Type           Power        Failure   Level  Hunger
 Beastly Appendage        Tmut           #.....       3%          1    None
 Slow                     Hex            #.......     4%          2    None
 Sticks to Snakes         Tmut           #.......     4%          2    None
 Spider Form              Tmut/Pois      ##........   6%          3    None
 Ice Form                 Ice/Tmut       #.......     28%         4    ###....
 Blade Hands              Tmut           #.........   58%         5    #####..


Dungeon Overview and Level Annotations

Branches:
Dungeon (5/15)              Sewer (visited)
 Temple: D:4-7

Altars:
Cheibriados
Gozag

Shops:
D:4 *


Message History

Casting: Blink (safe; 1% risk of failure)
Confirm with . or Enter, or press ? or * to list all spells.
Aiming: Magic Dart (safe; 1% risk of failure)
Press: ? - help, Shift-Dir - straight line, f - gnoll
Aim: a gnoll, wielding a +0 flail (lightly wounded)
The magic dart hits the gnoll.
The gnoll is severely wounded.
You closely miss the gnoll.
The gnoll is severely wounded.
The gnoll closely misses you. The gnoll barely misses you.
You climb upwards.
The ogre hits you with a +0 giant club!!
Ouch! That really hurt!
* * * LOW HITPOINT WARNING * * *
There is a stone staircase leading down, spattered with blood here.
The gnoll hits you but does no damage. The gnoll closely misses you.
The gnoll hits you with a +0 flail!
You die...

≈..........##≈≈≈≈≈≈≈≈#
≈..........####...####
..............####.# ≈
###..........####.# ≈#
#..........##...# ..
#..........##.###
..#####..........##.#
.≈≈≈≈≈≈≈....W.>gO...#
.≈.....≈...##+##@####
.≈.⌠.⌠.≈............#
#≈..∩..≈.......####.#
#≈.⌠.⌠.≈#......# ##.####
#≈.....≈#......###<....#
#≈≈...≈≈#.......##.#####
#.≈._.≈.#.......##.#
#.≈...≈.........##W#
#.≈≈.≈≈.........##.#


You could see a phantom, an ogre and a gnoll.

Vanquished Creatures
  A centaur (D:4)
  2 bullfrogs (Sewer)
  Terence (D:2)
  2 gnolls (D:4)
  4 adders
  2 oozes (D:2)
  A worm (D:2)
  A dart slug (D:1)
  6 leopard geckos
  2 orcs (D:2)
  7 bats
  14 giant cockroaches
  5 goblins
  5 hobgoblins
  13 jackals
  3 ball pythons
  7 frilled lizards
  8 kobolds
  5 rats
89 creatures vanquished.

Vanquished Creatures (collateral kills)
  A leopard gecko (D:3)
  An orc (D:3)
2 creatures vanquished.

Grand Total: 91 creatures vanquished

Notes
Turn   | Place    | Note
-------+----------+-------------------------------------------
     0 | D:1      | krokodil the Deep Elf Wizard began the quest for the Orb.
     0 | D:1      | Reached XP level 1. HP: 10/10 MP: 7/7
   371 | D:1      | Reached XP level 2. HP: 4/15 MP: 0/9
   392 | D:1      | Learned a level 2 spell: Blink
   395 | D:1      | Learned a level 2 spell: Call Imp
   529 | D:1      | Reached skill level 5 in Spellcasting
  1111 | D:2      | Reached XP level 3. HP: 19/19 MP: 7/11
  1116 | D:2      | Learned a level 3 spell: Mephitic Cloud
  1120 | D:2      | Learned a level 3 spell: Conjure Flame
  1123 | D:2      | Found a snail-covered altar of Cheibriados.
  1728 | D:2      | Reached XP level 4. HP: 24/24 MP: 0/13
  2181 | D:2      | Noticed Terence
  2213 | D:2      | Killed Terence
  2261 | D:2      | Reached skill level 1 in Poison Magic
  2625 | D:3      | Noticed an ogre
  2633 | D:3      | Found a glowing drain.
  2672 | D:3      | Reached XP level 5. HP: 6/28 MP: 0/15
  2747 | Sewer    | Entered a sewer
  2894 | Sewer    | Reached skill level 1 in Air Magic
  3073 | Sewer    | Reached skill level 1 in Fire Magic
  3190 | Sewer    | Reached XP level 6. HP: 31/32 MP: 6/16
  3850 | D:4      | Found an opulent altar of Gozag.
  3852 | D:4      | Found Gozag's Platinum Reserve.
  3962 | D:4      | Reached skill level 6 in Spellcasting
  4033 | D:5      | Entered Level 5 of the Dungeon
  4040 | D:4      | Slain by a gnoll

Levels and vault maps discovered:
D:1:      dpeg_arrival_yet_another_circle, layout_loops_ring
D:2:      layout_loops_ring, cheibriados_altar_1, kennysheep_small_spiral,
          uniq_terence
D:3:      layout_rooms, first_ration, portal_sewer_entry_f
D:4:      layout_basic, nicolae_gozag_zags_fifth_avenue, serial_rivers,
          chequers_serial_rivers_small_a, chequers_serial_rivers_micro_a,
          chequers_serial_rivers_marsh, chequers_serial_rivers_micro_a
D:5:      layout_rooms, kennysheep_mini_moat, okawaru_ov_weapons_minmay,
          uniq_grinder

Skill      XL: |  1  2  3  4  5  6 |
---------------+-------------------+-----
Spellcasting   | 5 6 |  6.0
Dodging        | 3 |  3.7
Stealth        | 3 |  3.7
Conjurations   | 2 |  2.5
Poison Magic   | 1 |  1.9
Air Magic      | 1 |  1.5
Summonings     | 2 |  2.4
Fire Magic     | 1 |  1.5
Translocations | 2 |  2.2
Short Blades   | |  0.4

Action                   |  1- 3 |  4- 6 || total
-------------------------+-------+-------++-------
Melee: Short sword       |    12 |    16 ||    28
Throw: Boomerang         |       |     7 ||     7
 Cast: Magic Dart        |   120 |   108 ||   228
       Conjure Flame     |     3 |    12 ||    15
       Mephitic Cloud    |     1 |    13 ||    14
       Blink             |       |     8 ||     8
       Call Imp          |       |     2 ||     2
 Stab: Confused          |       |     1 ||     1
  Eat: Chunk             |     2 |     5 ||     7
       Ration            |       |     1 ||     1
Armor: Robe              |    13 |    55 ||    68
Dodge: Dodged            |    39 |   121 ||   160
